[Event "FIDE Womens Grand Swiss 2021"]
[Site "Riga"]
[Date "2021.11.05"]
[Round "9.6"]
[White "Batsiashvili, Nino"]
[Black "Cori T., Deysi"]
[Result "1/2-1/2"]
[ECO "E70"]
[WhiteElo "2484"]
[BlackElo "2382"]
[Annotator "RC"]
[PlyCount "161"]
[EventDate "2021.10.27"]
[EventType "swiss"]
[EventCountry "LAT"]
[Tiebreak "Cut1 Buchholz+Sonneborn-Berger (Swiss)"]
[SourceTitle "playchess.com"]
[Source "ChessBase"]
[SourceQuality "1"]
[TimeControl "40/6000+30:20/3000+30:900+30"]

1. d4 Nf6 2. c4 g6 3. Nc3 Bg7 4. e4 d6 5. h3 Nbd7 6. Bd3 e5 7. d5 O-O 8. Nge2 a5 9. g4 Nc5 10. Bc2 h5 11. Bg5 hxg4 12. hxg4 Bxg4 13. Qd2 Qd7 14. O-O-O Bf3 15. Rh4 Ng4 16. Rg1 f6 17. Be3 Kf7 18. Bxc5 dxc5 19. Qd3 Bxe2 20. Nxe2 Nh6 21. f4 Qe7 22. Qg3 g5 23. Rh5 exf4 24. Nxf4 Qe5 25. Ne6 Qxg3 26. Rxg3 Rh8 27. Nxc7 Kg6 28. Rh1 Nf7 29. Rf1 Ne5 30. Nxa8 Rxa8 31. Rb3 g4 32. Rxb7 Bh6+ 33. Kd1 Be3 34. Ke2 Bd4 35. Rh1 Kg5 36. Rg7+ Kf4 37. b3 Nf3 38. d6 Rd8 39. d7 g3 40. e5 Ng5 41. exf6 Kg4 42.
Rh6 g2 43. Rhg6 g1=N+ 44. Kf1 N1f3 45. Bd1 Kf5 46. Bxf3 Nxf3 47. Rh6 Ng5 48. Re7 Bxf6 49. Re8 Rxd7 50. Rf8 Ne4 51. Ke2 Rg7 52. Rh5+ Kg6 53. Rh3 Rd7 54. Ke3 Rd4 55. Rg8+ Kf5 56. Rf3+ Ke6 57. Re8+ Be7 58. Ke2 Rd2+ 59. Ke3 Rd4 60. Ke2 Kd7 61. Ra8 Rd2+ 62. Ke3 Rd4 63. Ke2 Rd2+ 64. Ke3 Rd4 65. Rxa5 Bg5+ 66. Ke2 Rd2+ 67. Kf1 Rb2 68. Kg1 Ke6 69. Ra8 Ke5 70. a4 Kd4 71. a5 Be3+ 72. Kh1 Rb1+ 73. Kh2 Rb2+ 74. Kh1 Rb1+ 75. Kh2 Rb2+ 76. Kh1 Nf2+ 77. Kg2 Ne4+ 78. Kh1 Nf2+ 79. Kg2 Ne4+ 80. Kh1 Rb1+ 81. Kh2 1/2-1/2

[Event "FIDE Womens Grand Swiss 2021"]
[Site "Riga"]
[Date "2021.11.05"]
[Round "9.7"]
[White "Badelka, Olga"]
[Black "Javakhishvili, Lela"]
[Result "0-1"]
[ECO "B43"]
[WhiteElo "2438"]
[BlackElo "2446"]
[Annotator "NA"]
[PlyCount "102"]
[EventDate "2021.10.27"]
[EventType "swiss"]
[EventCountry "LAT"]
[Tiebreak "Cut1 Buchholz+Sonneborn-Berger (Swiss)"]
[SourceTitle "playchess.com"]
[Source "ChessBase"]
[SourceQuality "1"]
[TimeControl "40/6000+30:20/3000+30:900+30"]

1. e4 c5 2. Nf3 e6 3. d4 cxd4 4. Nxd4 a6 5. Nc3 b5 6. Bd3 Bb7 7. O-O Nc6 8. Nxc6 Bxc6 9. Re1 Ne7 10. Qh5 Ng6 11. Bg5 Qb8 12. e5 Nxe5 13. Bf4 d6 14. Bxe5 dxe5 15. Rxe5 Bd7 16. Rae1 g6 17. Qh4 Bg7 18. R5e3 O-O 19. Rh3 h6 20. Rg3 Qd8 21. Qe4 Rc8 22. Ne2 Bc6 23. Qe3 Qf6 24. b3 e5 25. Be4 Bxe4 26. Qxe4 Qc6 27. Qxc6 Rxc6 28. c4 e4 29. cxb5 axb5 30. Re3 f5 31. f3 exf3 32. Rxf3 Re8 33. Kf1 Rce6 34. Rd3 Bf8 35. Rd4 Bc5 36. Rd2 Bb4 37. Red1 Bxd2 38. Rxd2 g5 39. Nc3 Re5 40. a4 bxa4 41. bxa4 Rc8 42. Nd5 Rc4 43. a5 Ra4 44. h4 Rxa5 45. Nf6+ Kf7 46. hxg5 hxg5 47. Nh5 Ra4 48. Kg1 Re1+ 49. Kf2 Rea1 50. Rd7+ Kg6 51. Ng3 Rf4+ 0-1

[Event "FIDE Womens Grand Swiss 2021"]
[Site "Riga"]
[Date "2021.11.05"]
[Round "9.8"]
[White "Saduakassova, Dinara"]
[Black "Osmak, Iulija"]
[Result "1/2-1/2"]
[ECO "D02"]
[WhiteElo "2491"]
[BlackElo "2423"]
[Annotator "RC"]
[PlyCount "81"]
[EventDate "2021.10.27"]
[EventType "swiss"]
[EventCountry "LAT"]
[Tiebreak "Cut1 Buchholz+Sonneborn-Berger (Swiss)"]
[SourceTitle "playchess.com"]
[Source "ChessBase"]
[SourceQuality "1"]
[TimeControl "40/6000+30:20/3000+30:900+30"]

1. d4 Nf6 2. Nf3 e6 3. Bf4 d5 4. e3 Bd6 5. Nbd2 O-O 6. c3 c5 7. Ne5 Qc7 8. h4 Nbd7 9. Ndf3 Ne4 10. Bd3 cxd4 11. exd4 f6 12. Nxd7 Bxd7 13. Bxd6 Qxd6 14. h5 h6 15. Rh4 Bc6 16. Nd2 Nxd2 17. Qxd2 e5 18. dxe5 fxe5 19. O-O-O Qf6 20. Rg4 e4 21. Rg6 Qe5 22. Bc2 Qxh5 23. Rg3 Qh4 24. Bb3 Rad8 25. Qd4 Qf6 26. Qxe4 Qxf2 27. Rf3 Rxf3 28. gxf3 Qc5 29. Qe6+ Kh8 30. Bc2 Qd6 31. Qf5 g6 32. Qg4 Kh7 33. Rg1 Rg8 34. f4 Qf6 35. Re1 Re8 36. Rg1 Rg8 37. Re1 Re8 38. Rg1 Rg8 39. Re1 Re8 40. Rg1 Rg8 41. Re1 1/2-1/2

[Event "FIDE Womens Grand Swiss 2021"]
[Site "Riga"]
[Date "2021.11.05"]
[Round "9.10"]
[White "Vaishali R"]
[Black "Cramling, Pia"]
[Result "1/2-1/2"]
[ECO "B31"]
[WhiteElo "2419"]
[BlackElo "2447"]
[Annotator "NA"]
[PlyCount "85"]
[EventDate "2021.10.27"]
[EventType "swiss"]
[EventCountry "LAT"]
[Tiebreak "Cut1 Buchholz+Sonneborn-Berger (Swiss)"]
[SourceTitle "playchess.com"]
[Source "ChessBase"]
[SourceQuality "1"]
[TimeControl "40/6000+30:20/3000+30:900+30"]

1. e4 c5 2. Nf3 Nc6 3. Bb5 g6 4. O-O Bg7 5. c3 Nf6 6. Re1 a6 7. Bxc6 dxc6 8. d4 cxd4 9. cxd4 Bg4 10. Nbd2 e5 11. dxe5 Nd7 12. Nc4 O-O 13. Bf4 b5 14. Ne3 Bxf3 15. Qxf3 Nxe5 16. Bxe5 Bxe5 17. Rac1 Rc8 18. Re2 Qd7 19. Ng4 Rfe8 20. Nxe5 Rxe5 21. Qa3 Rce8 22. Qxa6 Rxe4 23. Rxe4 Rxe4 24. h3 Qd6 25. g3 Qd5 26. Qa8+ Kg7 27. Qa5 h5 28. h4 Re2 29. b3 Kh7 30. Qc3 Rd2 31. Qf6 c5 32. a4 bxa4 33.
bxa4 c4 34. a5 Rd3 35. a6 c3 36. a7 c2 37. a8=Q Rd1+ 38. Kh2 Qxa8 39. Qxf7+ Kh6 40. Qf4+ Kh7 41. Qf7+ Kh6 42. Qf4+ Kh7 43. Qf7+ 1/2-1/2

[Event "FIDE Womens Grand Swiss 2021"]
[Site "Riga"]
[Date "2021.11.05"]
[Round "9.11"]
[White "Munguntuul, Batkhuyag"]
[Black "Buksa, Nataliya"]
[Result "1-0"]
[ECO "C77"]
[WhiteElo "2433"]
[BlackElo "2409"]
[Annotator "NA"]
[PlyCount "97"]
[EventDate "2021.10.27"]
[EventType "swiss"]
[EventCountry "LAT"]
[Tiebreak "Cut1 Buchholz+Sonneborn-Berger (Swiss)"]
[SourceTitle "playchess.com"]
[Source "ChessBase"]
[SourceQuality "1"]
[TimeControl "40/6000+30:20/3000+30:900+30"]

1. e4 e5 2. Nf3 Nc6 3. Bb5 a6 4. Ba4 Nf6 5. d3 d6 6. c3 g6 7. O-O Bg7 8. Nbd2 O-O 9. Re1 Re8 10. d4 b5 11. Bc2 exd4 12. cxd4 Nb4 13. Bb1 c5 14. a3 Nc6 15. d5 Ne5 16. Nxe5 Rxe5 17. Bc2 Re8 18.
a4 Rb8 19. h3 Rb7 20. axb5 axb5 21. Nb3 Qb6 22. Ra8 Rbe7 23. Bg5 h6 24. Bh4 Bb7 25. Rxe8+ Rxe8 26. Nd2 Nd7 27. b3 Ra8 28. Bb1 Qa5 29. Bg3 Qa6 30. Qe2 Qb6 31. Kh2 Ba6 32. f4 Re8 33. Bd3 Qa5 34. Nf3 Nf6 35.
Qf2 c4 36. bxc4 bxc4 37. Bc2 Nh5 38. f5 Nxg3 39. fxg6 Nf1+ 40. Rxf1 fxg6 41. Qg3 Qc7 42. Qxg6 Qf7 43. Qxd6 Be5+ 44. Nxe5 Qxf1 45. Qg6+ Kf8 46. Qxh6+ Kg8 47. Qg5+ Kf8 48.
Nd7+ Kf7 49. e5 1-0

[Event "FIDE Womens Grand Swiss 2021"]
[Site "Riga"]
[Date "2021.11.05"]
[Round "9.15"]
[White "Abdumalik, Zhansaya"]
[Black "Melia, Salome"]
[Result "1/2-1/2"]
[ECO "B10"]
[WhiteElo "2507"]
[BlackElo "2371"]
[Annotator "ChessBase"]
[PlyCount "63"]
[EventDate "2021.10.27"]
[EventType "swiss"]
[EventCountry "LAT"]
[Tiebreak "Cut1 Buchholz+Sonneborn-Berger (Swiss)"]
[SourceTitle "playchess.com"]
[Source "ChessBase"]
[SourceQuality "1"]
[TimeControl "40/6000+30:20/3000+30:900+30"]

1. e4 c6 2. Nf3 d5 3. d3 dxe4 4. dxe4 Qxd1+ 5. Kxd1 Nf6 6. Nfd2 g5 7. f3 h5 8. h4 g4 9. Nc3 Bh6 10. a4 Be6 11. Ne2 gxf3 12. gxf3 Nbd7 13. Nd4 Ne5 14. Nxe6 fxe6 15. Ke2 Nfd7 16. Bh3 Ng6 17. Nb3 Bxc1 18. Raxc1 Rf8 19. Nd4 Rf6 20. Rcg1 Ndf8 21. Rg5 Nf4+ 22. Ke3 Rd8 23. Bf1 N8g6 24. e5 Rf8 25. Nxe6 Nxe6 26. Rxg6 Nd4 27. Bd3 Nxf3 28. e6 Ne5 29. Rg5 Nxd3 30. cxd3 Rd6 31. Re5 Rf6 32. Rxh5 1/2-1/2

[Event "FIDE Womens Grand Swiss 2021"]
[Site "Riga"]
[Date "2021.11.05"]
[Round "9.17"]
[White "Sargsyan, Anna M."]
[Black "Cyfka, Karina"]
[Result "1/2-1/2"]
[ECO "C47"]
[WhiteElo "2402"]
[BlackElo "2409"]
[Annotator "NA"]
[PlyCount "68"]
[EventDate "2021.10.27"]
[EventType "swiss"]
[EventCountry "LAT"]
[Tiebreak "Cut1 Buchholz+Sonneborn-Berger (Swiss)"]
[SourceTitle "playchess.com"]
[Source "ChessBase"]
[SourceQuality "1"]
[TimeControl "40/6000+30:20/3000+30:900+30"]

1. e4 e5 2. Nf3 Nf6 3. Nc3 Nc6 4. d4 exd4 5. Nxd4 Bb4 6.
Nxc6 bxc6 7. Bd3 d5 8. exd5 O-O 9. O-O Bg4 10. Be2 Bxe2 11.
Nxe2 cxd5 12. Nd4 Qd7 13. Qf3 Rfe8 14. Be3 Bf8 15. Rad1 c6 16. h3 Rac8 17. Nf5 Qe6 18. Bd4 Ne4 19. c4 g6 20. Ng3 f5 21.
cxd5 cxd5 22. Bxa7 Ra8 23. Bd4 Rxa2 24. Ne2 Raa8 25. Nf4 Qf7 26. Bb6 Bg7 27. Nxd5 Ra2 28. Rfe1 Rxb2 29. Qa3 Rd2 30. Nc7 Rxd1 31. Rxd1 Rf8 32. f3 Nc3 33. Re1 Nd5 34. Nxd5 Qxd5 1/2-1/2

[Event "FIDE Womens Grand Swiss 2021"]
[Site "Riga"]
[Date "2021.11.05"]
[Round "9.18"]
[White "Sukandar, Irine Kharisma"]
[Black "Rogule, Laura"]
[Result "1-0"]
[ECO "B23"]
[WhiteElo "2406"]
[BlackElo "2289"]
[Annotator "NA"]
[PlyCount "101"]
[EventDate "2021.10.27"]
[EventType "swiss"]
[EventCountry "LAT"]
[Tiebreak "Cut1 Buchholz+Sonneborn-Berger (Swiss)"]
[SourceTitle "playchess.com"]
[Source "ChessBase"]
[SourceQuality "1"]
[TimeControl "40/6000+30:20/3000+30:900+30"]

1. e4 c5 2. Nc3 Nc6 3. Bb5 Nd4 4. Nf3 a6 5. Bd3 g6 6. Rb1 Bg7 7. b4 d6 8. bxc5 dxc5 9. Na4 Ne6 10. Nb6 Rb8 11. Bc4 Nf6 12. d3 O-O 13.
O-O Nh5 14. Be3 Qd6 15. Qd2 Nef4 16. Rfe1 Qf6 17. Nxc8 Rfxc8 18. a4 g5 19. g3 h6 20. Qd1 Qg6 21. gxf4 gxf4+ 22. Kh1 fxe3 23. fxe3 e6 24. Rg1 Qf6 25. Qf1 b5 26. axb5 axb5 27. Rxb5 Rxb5 28. Bxb5 c4 29. Bxc4 Rc5 30. Qh3 Kf8 31. Rb1 Qd8 32. e5 Qa8 33. Kg1 Bxe5 34. Qxh5 Bxh2+ 35. Qxh2 Qxf3 36. Qd6+ Kg8 37. Qxc5 Qg3+ 38. Kf1 Qf3+ 39. Ke1 Qh1+ 40. Kd2 Qxb1 41. Qh5 Kg7 42. Qg4+ Kf8 43. Qh4 Kg7 44. Qd4+ Kg8 45. Qf6 Qh1 46. d4 h5 47. Bf1 Qh2+ 48. Kd3 Qg3 49. Qf4 Qe1 50. Be2 h4 51. Bh5 1-0

[Event "FIDE Womens Grand Swiss 2021"]
[Site "Riga"]
[Date "2021.11.05"]
[Round "9.20"]
[White "Arabidze, Meri"]
[Black "Divya Deshmukh"]
[Result "1-0"]
[ECO "E01"]
[WhiteElo "2441"]
[BlackElo "2305"]
[Annotator "NA"]
[PlyCount "81"]
[EventDate "2021.10.27"]
[EventType "swiss"]
[EventCountry "LAT"]
[Tiebreak "Cut1 Buchholz+Sonneborn-Berger (Swiss)"]
[SourceTitle "playchess.com"]
[Source "ChessBase"]
[SourceQuality "1"]
[TimeControl "40/6000+30:20/3000+30:900+30"]

1. d4 d5 2. c4 e6 3. Nc3 c6 4. g3 Nf6 5. Bg2 dxc4 6. Nf3 Nbd7 7. a4 Bb4 8.
O-O O-O 9. Qc2 Qe7 10. Na2 Bd6 11. Qxc4 e5 12. e4 a6 13. a5 exd4 14. Nxd4 Ne5 15. Qc2 Rd8 16. Nc3 Bc7 17. Nce2 c5 18. Nf5 Bxf5 19. exf5 Nd5 20. Nc3 Nb4 21. Qe2 Rab8 22. Ne4 f6 23. Be3 b6 24. Rfd1 Kh8 25. axb6 Bxb6 26. b3 Nec6 27. Qc4 Nd4 28. Bf4 Rbc8 29. g4 h6 30. Rac1 Nb5 31. Be3 Na3 32. Qe6 Qa7 33. Nxf6 Nac2 34. Nd7 Nxe3 35. fxe3 Nc6 36. Bxc6 Re8 37. Qg6 c4 38. f6 Bxe3+ 39. Kh1 gxf6 40. Qxf6+ Kh7 41. Rxc4 1-0

[Event "FIDE Womens Grand Swiss 2021"]
[Site "Riga"]
[Date "2021.11.05"]
[Round "9.21"]
[White "Milliet, Sophie"]
[Black "Arakhamia-Grant, Ketevan"]
[Result "1-0"]
[ECO "E08"]
[WhiteElo "2410"]
[BlackElo "2376"]
[Annotator "NA"]
[PlyCount "100"]
[EventDate "2021.10.27"]
[EventType "swiss"]
[EventCountry "LAT"]
[Tiebreak "Cut1 Buchholz+Sonneborn-Berger (Swiss)"]
[SourceTitle "playchess.com"]
[Source "ChessBase"]
[SourceQuality "1"]
[TimeControl "40/6000+30:20/3000+30:900+30"]

1. d4 Nf6 2. c4 e6 3. Nf3 d5 4. g3 Be7 5. Bg2 O-O 6. O-O Nbd7 7. Qc2 Ne4 8.
Nc3 Nxc3 9. bxc3 Nb6 10. c5 Nc4 11. Nd2 Nxd2 12. Bxd2 b6 13.
c4 Ba6 14. cxd5 exd5 15. Bf4 Bc4 16. Rfd1 g5 17. Bc1 f5 18. e4 f4 19. Re1 f3 20. Bh3 Kh8 21. Bb2 c6 22. Re3 Rf7 23.
Rae1 b5 24. Be6 Rf6 25. exd5 cxd5 26. Bxd5 Bxd5 27. Rxe7 Qg8 28. Rd7 Rd8 29. Ree7 Rxd7 30. Rxd7 Re6 31. h3 Re1+ 32. Kh2 Re2 33. Qf5 Qg6 34. Qxg6 Rxf2+ 35. Kg1 Rg2+ 36. Kh1 hxg6 37. Rxd5 Rxb2 38. Kg1 Rc2 39. Rd6 Rxa2 40. c6 Rc2 41. d5 Kg7 42. Rd7+ Kf6 43. c7 Ke5 44. d6 a5 45. Rd8 Ke6 46. c8=Q+ Rxc8 47. Rxc8 Kxd6 48. Kf2 a4 49. Kxf3 Kd5 50. Ke3 b4 1-0

[Event "FIDE Womens Grand Swiss 2021"]
[Site "Riga"]
[Date "2021.11.05"]
[Round "9.22"]
[White "Houska, Jovanka"]
[Black "Lujan, Carolina"]
[Result "1-0"]
[ECO "D77"]
[WhiteElo "2381"]
[BlackElo "2340"]
[Annotator "NA"]
[PlyCount "57"]
[EventDate "2021.10.27"]
[EventType "swiss"]
[EventCountry "LAT"]
[Tiebreak "Cut1 Buchholz+Sonneborn-Berger (Swiss)"]
[SourceTitle "playchess.com"]
[Source "ChessBase"]
[SourceQuality "1"]
[TimeControl "40/6000+30:20/3000+30:900+30"]

1. d4 Nf6 2. Nf3 g6 3. g3 Bg7 4. Bg2 d5 5. O-O O-O 6. c4 dxc4 7. Na3 c3 8. bxc3 c5 9. e3 Nc6 10. Qe2 Bf5 11. Rd1 Qb6 12. Nd2 Bg4 13.
f3 Be6 14. Rb1 Qc7 15. Nb3 b6 16. e4 Bxb3 17. axb3 cxd4 18. cxd4 e5 19. Nb5 Qc8 20. dxe5 Nxe5 21. Ba3 Rd8 22. Rxd8+ Qxd8 23. f4 Nc6 24. Rd1 Qc8 25. e5 a6 26. Nd6 Qc7 27. exf6 Bxf6 28. Qe4 Rd8 29. Qxc6 1-0

[Event "FIDE Womens Grand Swiss 2021"]
[Site "Riga"]
[Date "2021.11.05"]
[Round "9.23"]
[White "Padmini, Rout"]
[Black "Hoang, Thanh Trang"]
[Result "1/2-1/2"]
[ECO "A87"]
[WhiteElo "2380"]
[BlackElo "2380"]
[Annotator "ChessBase"]
[PlyCount "47"]
[EventDate "2021.10.27"]
[EventType "swiss"]
[EventCountry "LAT"]
[Tiebreak "Cut1 Buchholz+Sonneborn-Berger (Swiss)"]
[SourceTitle "playchess.com"]
[Source "ChessBase"]
[SourceQuality "1"]
[TimeControl "40/6000+30:20/3000+30:900+30"]

1. Nf3 f5 2. g3 Nf6 3. Bg2 g6 4. O-O Bg7 5. d4 O-O 6. c4 d6 7. b3 e5 8. dxe5 dxe5 9. Ba3 Qxd1 10. Rxd1 Re8 11. Nc3 c6 12. e4 f4 13. Bd6 Bg4 14. h3 Bxf3 15. Bxf3 Nbd7 16. Rac1 fxg3 17. fxg3 Bh6 18. Rc2 Be3+ 19. Kg2 Rad8 20. Bc7 Rc8 21. Bd6 Rcd8 22. Bc7 Rc8 23. Bd6 Rcd8 24. Bc7 1/2-1/2

[Event "FIDE Womens Grand Swiss 2021"]
[Site "Riga"]
[Date "2021.11.05"]
[Round "9.24"]
[White "Kamalidenova, Meruert"]
[Black "February, Jesse Nikki"]
[Result "1-0"]
[ECO "C10"]
[WhiteElo "2339"]
[BlackElo "1857"]
[Annotator "NA"]
[PlyCount "77"]
[EventDate "2021.10.27"]
[EventType "swiss"]
[EventCountry "LAT"]
[Tiebreak "Cut1 Buchholz+Sonneborn-Berger (Swiss)"]
[SourceTitle "playchess.com"]
[Source "ChessBase"]
[SourceQuality "1"]
[TimeControl "40/6000+30:20/3000+30:900+30"]

1. e4 e6 2. d4 d5 3. Nc3 h6 4. Nf3 Nf6 5. Bd3 Bb4 6. e5 Ne4 7. Bd2 Nxd2 8.
Qxd2 c5 9. a3 Qa5 10. O-O Bxc3 11. bxc3 c4 12. Be2 Bd7 13. Nh4 Na6 14. f4 g6 15. g4 O-O-O 16. Ng2 Nc7 17. a4 Bxa4 18. f5 gxf5 19. gxf5 b5 20.
Bh5 Rd7 21. fxe6 fxe6 22. Rf6 Rg7 23. Bf7 h5 24. Kf2 Rf8 25.
Bxh5 Rh8 26. Nf4 Rgh7 27. Rg1 Rxh5 28. Nxh5 Rxh5 29. Rg8+ Kb7 30. Kg3 Rf5 31. h4 Bb3 32. Rxf5 exf5 33. Kh2 Ne6 34. h5 Qc7 35. Qh6 Qe7 36. Qf6 Qh7 37. Rh8 Qg7 38. Qxg7+ Nxg7 39. h6 1-0

[Event "FIDE Womens Grand Swiss 2021"]
[Site "Riga"]
[Date "2021.11.05"]
[Round "9.25"]
[White "Golsta, Madara"]
[Black "Eizaguerri Floris, Maria"]
[Result "1-0"]
[ECO "B42"]
[WhiteElo "2003"]
[BlackElo "2328"]
[Annotator "NA"]
[PlyCount "89"]
[EventDate "2021.10.27"]
[EventType "swiss"]
[EventCountry "LAT"]
[Tiebreak "Cut1 Buchholz+Sonneborn-Berger (Swiss)"]
[SourceTitle "playchess.com"]
[Source "ChessBase"]
[SourceQuality "1"]
[TimeControl "40/6000+30:20/3000+30:900+30"]

1. e4 c5 2. Nf3 d6 3. d4 cxd4 4. Nxd4 Nf6 5. Nc3 a6 6. Bd3 e6 7. O-O Be7 8. a4 Nc6 9. Nxc6 bxc6 10. Kh1 Nd7 11. f4 Qc7 12. Qg4 Bf6 13.
e5 h5 14. Qg3 h4 15. Qg4 dxe5 16. Ne4 Bb7 17. h3 O-O-O 18. Qe2 a5 19. Ra3 Be7 20. Rb3 f5 21. Ba6 Nb6 22. Be3 c5 23. Nxc5 Bxc5 24. Bxc5 Qxc5 25. Rc3 Rd5 26. Rxc5+ Rxc5 27. Qe3 Rc6 28. Bb5 Nd5 29. Qxe5 Rxc2 30. Qxe6+ Kb8 31. Qd6+ Ka7 32. Bd3 Rxb2 33.
Qc5+ Kb8 34. Bc4 Nc7 35. Rc1 Rc8 36. Bf1 Rb4 37. Qxa5 Nd5 38.
Rxc8+ Kxc8 39. Qc5+ Kb8 40. Ba6 Rb1+ 41. Kh2 Ba8 42. Bd3 Rb2 43. Qf8+ Ka7 44. Qxg7+ Rb7 45. Qd4+ 1-0

[Event "FIDE Womens Grand Swiss 2021"]
[Site "Riga"]
[Date "2021.11.06"]
[Round "10.1"]
[White "Lei, Tingjie"]
[Black "Muzychuk, Mariya"]
[Result "1/2-1/2"]
[ECO "D14"]
[WhiteElo "2505"]
[BlackElo "2536"]
[Annotator "ChessBase"]
[PlyCount "84"]
[EventDate "2021.10.27"]
[EventType "swiss"]
[EventCountry "LAT"]
[Tiebreak "Cut1 Buchholz+Sonneborn-Berger (Swiss)"]
[SourceTitle "playchess.com"]
[Source "ChessBase"]
[SourceQuality "1"]
[TimeControl "40/6000+30:20/3000+30:900+30"]

1. d4 d5 2. c4 c6 3. cxd5 cxd5 4. Nf3 Nf6 5. Nc3 Nc6 6. Bf4 Bf5 7. e3 e6 8. Qb3 Bb4 9. Bb5 O-O 10. Bxc6 Bxc3+ 11. Qxc3 Rc8 12. Ne5 Ng4 13. Nxg4 Bxg4 14. Qb4 bxc6 15. O-O Qb6 16. Bd6 Qxb4 17. Bxb4 Rfd8 18. f3 Bf5 19. Rfc1 Rb8 20. a3 Rdc8 21. Rc3 f6 22. Rac1 Rb6 23. b3 e5 24. Bc5 Rb7 25. Bd6 exd4 26. exd4 Bd7 27. Re1 Re8 28. Rce3 Rxe3 29. Rxe3 Bf5 30. b4 Kf7 31. Kf2 g5 32. g4 Bc2 33. Kg3 a6 34. h4 h6 35. Rc3 Ba4 36. f4 Rd7 37. Bc5 gxf4+ 38. Kxf4 Rd8 39. Re3 Re8 40. Rxe8 Kxe8 41. g5 fxg5+ 42. hxg5 hxg5+ 1/2-1/2

[Event "FIDE Womens Grand Swiss 2021"]
[Site "Riga"]
[Date "2021.11.06"]
[Round "10.2"]
[White "Harika, Dronavalli"]
[Black "Paehtz, Elisabeth"]
[Result "1/2-1/2"]
[ECO "B22"]
[WhiteElo "2511"]
[BlackElo "2475"]
[Annotator "ChessBase"]
[PlyCount "62"]
[EventDate "2021.10.27"]
[EventType "swiss"]
[EventCountry "LAT"]
[Tiebreak "Cut1 Buchholz+Sonneborn-Berger (Swiss)"]
[SourceTitle "playchess.com"]
[Source "ChessBase"]
[SourceQuality "1"]
[TimeControl "40/6000+30:20/3000+30:900+30"]

1. e4 c5 2. c3 Nf6 3. e5 Nd5 4. Nf3 e6 5. g3 Nc6 6. Bg2 d6 7. exd6 Qxd6 8.
O-O Be7 9. d4 O-O 10. Na3 cxd4 11. Nb5 Qc5 12. Nbxd4 Nxd4 13. Qxd4 Qxd4 14. Nxd4 Rd8 15. Re1 Bf6 16. Nb5 a6 17. Bxd5 axb5 18. Bg2 b4 19. cxb4 Rd4 20. b5 Rb4 21. Bf1 Bd7 22. a3 Bxb2 23. Bxb2 Rxb2 24. a4 Rb4 25. Red1 Be8 26. Bg2 Rb8 27. Rd6 b6 28. Bc6 Kf8 29. Bxe8 Kxe8 30. Rc1 Ke7 31. Rcc6 Rxa4 1/2-1/2

[Event "FIDE Womens Grand Swiss 2021"]
[Site "Riga"]
[Date "2021.11.06"]
[Round "10.3"]
[White "Javakhishvili, Lela"]
[Black "Zhu, Jiner"]
[Result "0-1"]
[ECO "E69"]
[WhiteElo "2446"]
[BlackElo "2455"]
[Annotator "ChessBase"]
[PlyCount "104"]
[EventDate "2021.10.27"]
[EventType "swiss"]
[EventCountry "LAT"]
[Tiebreak "Cut1 Buchholz+Sonneborn-Berger (Swiss)"]
[SourceTitle "playchess.com"]
[Source "ChessBase"]
[SourceQuality "1"]
[TimeControl "40/6000+30:20/3000+30:900+30"]

1. d4 Nf6 2. c4 g6 3. g3 Bg7 4. Bg2 O-O 5. Nc3 c6 6. e4 d6 7. Nf3 e5 8. O-O Nbd7 9. h3 a5 10. Be3 Re8 11. Qc2 exd4 12. Nxd4 Nc5 13. Rfe1 a4 14. Rad1 Nfd7 15. Nde2 Qa5 16. Rxd6 Qb4 17. a3 Qxc4 18. Nc1 Bxc3 19. Bf1 Qxe4 20. Qxc3 Ne5 21. Bd2 Bxh3 22. Rxe4 Nxe4 23. Bxh3 Nxc3 24. Bxc3 Rad8 25. Rxd8 Rxd8 26. Bxe5 Rd1+ 27. Kg2 Rxc1 28.
Bc8 b5 29. Bd7 Rc4 30. f4 Kf8 31. Bf6 Rc2+ 32. Kf3 Rd2 33. Bh3 c5 34. Ke3 Rd1 35. Ke2 Rg1 36. Bd7 b4 37. axb4 cxb4 38. Bxa4 Rxg3 39. b3 h5 40. Kf2 Rd3 41. Kg2 Rd6 42. Be5 Rd2+ 43. Kf3 Ke7 44. Ke3 Rh2 45. Kf3 Rh3+ 46. Kg2 Rd3 47. Bc7 Kf6 48. Ba5 Rd4 49. Bc7 Rd2+ 50. Kf3 Rd3+ 51. Ke2 Rd5 52. Ba5 Rxa5 0-1

[Event "FIDE Womens Grand Swiss 2021"]
[Site "Riga"]
[Date "2021.11.06"]
[Round "10.4"]
[White "Cori T., Deysi"]
[Black "Dzagnidze, Nana"]
[Result "1-0"]
[ECO "E49"]
[WhiteElo "2382"]
[BlackElo "2524"]
[Annotator "ChessBase"]
[PlyCount "75"]
[EventDate "2021.10.27"]
[EventType "swiss"]
[EventCountry "LAT"]
[Tiebreak "Cut1 Buchholz+Sonneborn-Berger (Swiss)"]
[SourceTitle "playchess.com"]
[Source "ChessBase"]
[SourceQuality "1"]
[TimeControl "40/6000+30:20/3000+30:900+30"]

1. d4 Nf6 2. c4 e6 3. Nc3 Bb4 4. e3 O-O 5. Bd3 d5 6. a3 Bxc3+ 7. bxc3 c5 8. Ne2 b6 9. O-O Ba6 10. cxd5 exd5 11. a4 Bxd3 12. Qxd3 Nbd7 13. Nf4 Re8 14. Ba3 Rc8 15. Rac1 c4 16. Qc2 g5 17. Ne2 Rc6 18. Rce1 Nf8 19. Bc1 Ng6 20. f3 h5 21. Ng3 h4 22. Nf5 Rce6 23. e4 Nh5 24. g3 Kh7 25.
Kf2 h3 26. e5 f6 27. Nd6 Rf8 28. Qf5 Ng7 29. Qxh3+ Kg8 30. Nf5 Nxf5 31. Qxf5 Kf7 32. Bxg5 Qd7 33. Bxf6 Rg8 34. Qh5 Qxa4 35. f4 Qc2+ 36. Re2 Qxc3 37. f5 Qxd4+ 38. Kg2 1-0

[Event "FIDE Womens Grand Swiss 2021"]
[Site "Riga"]
[Date "2021.11.06"]
[Round "10.5"]
[White "Pogonina, Natalija"]
[Black "Kosteniuk, Alexandra"]
[Result "1/2-1/2"]
[ECO "D73"]
[WhiteElo "2467"]
[BlackElo "2518"]
[Annotator "ChessBase"]
[PlyCount "61"]
[EventDate "2021.10.27"]
[EventType "swiss"]
[EventCountry "LAT"]
[Tiebreak "Cut1 Buchholz+Sonneborn-Berger (Swiss)"]
[SourceTitle "playchess.com"]
[Source "ChessBase"]
[SourceQuality "1"]
[TimeControl "40/6000+30:20/3000+30:900+30"]

1. d4 Nf6 2. g3 d5 3. Bg2 c5 4. Nf3 cxd4 5. O-O g6 6. Nxd4 Bg7 7. c4 O-O 8. cxd5 Nxd5 9. Nb5 Be6 10. Bxd5 Bxd5 11. N1c3 Bxc3 12. Nxc3 Bc6 13. Bh6 Qxd1 14. Rfxd1 Rc8 15. Nd5 Bxd5 16.
Rxd5 f6 17. Rc1 Nc6 18. Be3 Kf7 19. Rd7 Rab8 20. Bf4 Rd8 21.
Rc7 g5 22. R7xc6 gxf4 23. Rc7 fxg3 24. hxg3 Rd2 25. R1c2 Rxc2 26. Rxc2 Rd8 27. Rc7 Rd2 28. Rxb7 Rxe2 29. Rxa7 Rxb2 30. Kg2 Kg6 31. Rxe7 1/2-1/2

[Event "FIDE Womens Grand Swiss 2021"]
[Site "Riga"]
[Date "2021.11.06"]
[Round "10.7"]
[White "Assaubayeva, Bibisara"]
[Black "Shuvalova, Polina"]
[Result "1-0"]
[ECO "D37"]
[WhiteElo "2400"]
[BlackElo "2509"]
[Annotator "ChessBase"]
[PlyCount "89"]
[EventDate "2021.10.27"]
[EventType "swiss"]
[EventCountry "LAT"]
[Tiebreak "Cut1 Buchholz+Sonneborn-Berger (Swiss)"]
[SourceTitle "playchess.com"]
[Source "ChessBase"]
[SourceQuality "1"]
[TimeControl "40/6000+30:20/3000+30:900+30"]

1. d4 Nf6 2. c4 e6 3. Nf3 d5 4. Nc3 a6 5. c5 b6 6. cxb6 c5 7. e3 cxd4 8.
exd4 Qxb6 9. Be2 Nbd7 10. O-O Bd6 11. a3 O-O 12. b4 Qb8 13.
Na4 Ne4 14. h3 Nb6 15. Nc5 Nc3 16. Qc2 Nxe2+ 17. Qxe2 f6 18. Re1 Ra7 19. Bd2 Nc4 20. Bc3 Re7 21. Nd2 Nxd2 22. Qxd2 a5 23. a4 axb4 24. Bxb4 Rfe8 25. Nd3 e5 26. Bxd6 Qxd6 27. Qb4 Qxb4 28. Nxb4 exd4 29. Rxe7 Rxe7 30. a5 Kf7 31. a6 Ra7 32. Kf1 Ke6 33. Ke2 Kd6 34. Ra5 Kc7 35. Rc5+ Kd7 36. Rxd5+ Kc7 37. Rc5+ Kd7 38. Kd2 Ra8 39. Ra5 Kc7 40. Nd5+ Kc6 41. Kd3 Be6 42. Kxd4 Ra7 43. Rc5+ Kd6 44. Nb4 Bd7 45. Rd5+ 1-0